Victoriaville Tigres vs Manchester Monarchs

Created - 16 octobre 2025 at 20:34

Goals
1 2 3 T
Victoriaville Tigres 0 0 3 3
Manchester Monarchs 1 0 3 4
Shots
1 2 3 T
Victoriaville Tigres 5 10 12 27
Manchester Monarchs 8 14 18 40

GoalsPenalties
1st period
1. Manchester Monarchs , Cole Guttman 1 (David Gustafsson 3) at 9:28
Isaak Phillips (TIG) for Roughing (Minor) at 4:31
Nikita Prishchepov (TIG) for Roughing (Minor) at 13:20
2nd period
No Goal
Kole Lind (TIG) for Tripping (Minor) at 9:50
Nikolai Kovalenko (MON) for Tripping (Minor) at 17:41
3rd period
2. Manchester Monarchs , Cole Guttman 2 (Justin Sourdif 1, Max Jones 1) at 3:41
3. Manchester Monarchs , Adam Beckman 1 (Cole Guttman 1) at 4:28
4. Victoriaville Tigres , John Farinacci 2 (Conor Timmins 3, William Stromgren 1) at 4:44 (SH)
5. Victoriaville Tigres , William Stromgren 1 (John Farinacci 2, Conor Timmins 4) at 4:54 (SH)
6. Manchester Monarchs , Tanner Laczynski 3 (Max Jones 2, Daniil Miromanov 1) at 11:21 (PP)
7. Victoriaville Tigres , Alex Jefferies 1 (Ty Gallagher 1, Otto Stenberg 1) at 15:22
Kirill Kudryavtsev (MON) for Fighting (Major) at 4:31
Elias Salomonsson (TIG) for Fighting (Major) at 4:31
Elias Salomonsson (TIG) for instigated a fight (Minor) at 4:31
Elias Salomonsson (TIG) for instigated a fight (10 Minutes Misconduct) at 4:31
Isaak Phillips (TIG) for Tripping (Minor) at 10:03
Frederic Brunet (MON) for Elbowing (Minor) at 18:07
Goalie Stats
William Rousseau (TIG), 36 saves from 40 shots - (0,900), L, 2-1-0, 60:00 minutes
Matthew Murray (MON), 24 saves from 27 shots - (0,889), W, 3-0-0, 60:00 minutes
3 StarsOfficial
1 - Cole Guttman (MON)
2 - William Stromgren (TIG)
3 - John Farinacci (TIG)
Referees : Chris Schlenker and Chris Lee
Linesman : Kelsey Mahoney and Pierre Racicot
Game Note
Carter Mazur is injured at 19:33 of 1st period (Bruised Left Leg)
Kirill Kudryavtsev beats up Elias Salomonsson at 4:31 of 3rd period
15:22 of 3rd period - Victoriaville Tigres goal is going for a video replay. After video review, Goal.
Finance
Level 1 -- Attendance: 2000 (100,00%) -- Ticket Income $60,000
Level 2 -- Attendance: 906 (90,60%) -- Ticket Income $10,872
Total Attendance: 2906 (96,87%)
Total Ticket Income: $70,872
Other Income: $34,727
Total Income: $105,599



Team Name Goals Shots Shots Attemp Shots Blocked PIM HIT PP PK FO%
Victoriaville Tigres 327661225170 / 2 (0%)149%
Manchester Monarchs 44081139251 / 5 (20%)051%

Victoriaville Tigres
Player Name POS G A P +/- PIM HIT SHT SB MP PP MP PP SHT PK MP PK SHT FO% FOT GA TA
000000000:000:0000:0000% 000
000000000:000:0000:0000% 000
000000000:000:0000:0000% 000
000000000:000:0000:0000% 000
Alex JefferiesLW101102309:350:0000:0000% 001
Antonio StrangesC/LW000-3012221:221:5504:13033% 310
Avery HayesC/RW000-2011015:111:5502:58150% 201
Carter MazurLW000000002:380:0000:0700% 000
Conor TimminsD0220012428:262:0004:0800% 000
David JiricekD0000002128:262:0004:0800% 010
Elias SalomonssonD00001710015:071:0402:5000% 000
Hunter HaightC000-1001110:460:0000:000100% 101
Isaak PhillipsD0001411120:031:5102:3700% 000
Jan JenikC/LW/RW000-1033114:101:5201:26043% 1410
John FarinacciC1122016022:461:4904:51250% 3611
Kole LindRW0000203217:551:5200:0000% 020
Michael BenningD000-1000011:330:0001:1900% 000
Nikita PrishchepovC000-2210013:300:0700:00070% 1000
Otto StenbergC011101009:350:0000:0000% 000
Riley DuranC000102109:350:0000:0000% 200
Ty GallagherD0110001016:340:5403:2600% 000
William StromgrenLW1122021023:291:5604:5310% 100
Manchester Monarchs
Player Name POS G A P +/- PIM HIT SHT SB MP PP MP PP SHT PK MP PK SHT FO% FOT GA TA
000000000:000:0000:0000% 000
000000000:000:0000:0000% 000
000000000:000:0000:0000% 000
000000000:000:0000:0000% 000
Adam BeckmanC/LW101000607:360:0000:0000% 010
Angus CrookshankLW0000013017:413:5700:160100% 100
Cole GuttmanC/RW2132013013:410:1801:07036% 1401
Daemon HuntD0001001111:000:0000:0600% 000
Daniil MiromanovRW/D011-2001123:265:0710:1800% 001
David GustafssonC/LW0112043012:190:0700:0000% 000
Filip MesarRW000001007:360:0000:0000% 000
Frederic BrunetC/D0001221223:184:0700:5700% 001
Jake ChristiansenD000-2015125:395:0712:1200% 010
Justin SourdifC/RW0112001112:220:1000:0000% 100
Kirill KudryavtsevD0001520121:553:1602:1100% 000
Luca Del Bel BelluzC000-2024020:395:0721:53056% 2712
Mathias Emilio PettersenC/LW000001227:360:0000:000100% 200
Max JonesC/LW/RW0220042017:213:5700:000100% 101
Nikolai KovalenkoLW/RW000-2232319:154:5900:3400% 010
Rory KerinsC/LW000-2020020:465:1001:57020% 500
Samuel JohannessonD0001001014:400:5101:5800% 000
Tanner LaczynskiC/LW/RW1010015119:163:5721:55056% 1800

Victoriaville Tigres

5 vs 5 Forward
Line #Left WingCenterRight WingPHYDFOFWanted %Time %Time Play
1William StromgrenJohn FarinacciKole Lind1224035%16:13
2Antonio StrangesNikita PrishchepovAvery Hayes1223022%10:21
3Carter MazurJan JenikHunter Haight1222023%10:46
4Alex JefferiesRiley DuranOtto Stenberg1221020%9:35
5 vs 5 Defense
Line #DefenseDefensePHYDFOFWanted %Time %Time Play
1Conor TimminsDavid Jiricek1224042%19:48
2Isaak PhillipsElias Salomonsson1223033%15:37
3Ty GallagherMichael Benning1222019%9:00
4Conor TimminsDavid Jiricek122105%2:30
Power Play Forward
Line #Left WingCenterRight WingPHYDFOFWanted %Time %Time Play
1William StromgrenJohn FarinacciKole Lind1226047%1:49
2Antonio StrangesAvery HayesCarter Mazur1224053%2:02
Power Play Defense
Line #DefenseDefensePHYDFOFWanted %Time %Time Play
1Conor TimminsDavid Jiricek1226052%2:00
2Isaak PhillipsElias Salomonsson1224048%1:51
Penalty Kill 4 Players Forward
Line #CenterWingPHYDFOFWanted %Time %Time Play
1John FarinacciWilliam Stromgren1226068%6:16
2Avery HayesAntonio Stranges1224032%2:58
Penalty Kill 4 Players Defense
Line #DefenseDefensePHYDFOFWanted %Time %Time Play
1Conor TimminsDavid Jiricek1226045%4:08
2Isaak PhillipsElias Salomonsson1224055%5:06
Penalty Kill 3 Players
Line #WingPHYDFOFWanted %Time %Time PlayDefenseDefensePHYDFOFWanted %Time %Time Play
1John Farinacci122600%0:00 Conor TimminsDavid Jiricek122600%0:00
2Avery Hayes122400%0:00 Isaak PhillipsElias Salomonsson122400%0:00
4 vs 4 Forward
Line #CenterWingPHYDFOFWanted %Time %Time Play
1John FarinacciWilliam Stromgren122600%0:00
2Avery HayesAntonio Stranges122400%0:00
4 vs 4 Defense
Line #DefensePHYDFOFWanted %Time %Time Play
1Conor TimminsDavid Jiricek122600%0:00
2Isaak PhillipsElias Salomonsson122400%0:00
Last Minutes Offensive
Left WingCenterRight WingDefenseDefense
William StromgrenJohn FarinacciKole LindConor TimminsDavid Jiricek
Last Minutes Defensive
Left WingCenterRight WingDefenseDefense
William StromgrenJohn FarinacciKole LindConor TimminsDavid Jiricek
Time
Total ForwardTotal DefenseLast Minutes OffensiveLast Minutes Defensive
60:00 60:00 0:000:00
Extra Forwards
Normal PowerPlayPenalty Kill
Antonio Stranges, Jan Jenik, Nikita PrishchepovAntonio Stranges, Jan JenikAntonio Stranges
Extra Defensemen
Normal PowerPlayPenalty Kill
Elias Salomonsson, Ty Gallagher, Michael BenningElias Salomonsson, Elias SalomonssonTy Gallagher
Penalty Shots
William Stromgren, Kole Lind, John Farinacci, Avery Hayes, Antonio Stranges
Goalie
William Rousseau, Waltteri Ignatjew
Scratches
Jacob Perreault (Healthy), Ryan McGregor (Healthy), Navrin Mutter (Healthy), Tristan Allard (Healthy), Gavin Hain (Healthy) Simon Robertsson (Healthy), Paul Ludwinski (Healthy), Ethan Edwards (Healthy)

Manchester Monarchs

5 vs 5 Forward
Line #Left WingCenterRight WingPHYDFOFWanted %Time %Time Play
1Rory KerinsLuca Del Bel BelluzNikolai Kovalenko1133230%13:54
2Angus CrookshankTanner LaczynskiMax Jones1133129%13:24
3David GustafssonCole GuttmanJustin Sourdif1222626%12:01
4Adam BeckmanMathias Emilio PettersenFilip Mesar1311116%7:36
5 vs 5 Defense
Line #DefenseDefensePHYDFOFWanted %Time %Time Play
1Daniil MiromanovJake Christiansen0233939%18:20
2Kirill KudryavtsevFrederic Brunet0233938%17:56
3Samuel JohannessonDaemon Hunt0412223%10:39
4Daniil MiromanovJake Christiansen12200%0:00
Power Play Forward
Line #Left WingCenterRight WingPHYDFOFWanted %Time %Time Play
1Rory KerinsLuca Del Bel BelluzNikolai Kovalenko0056057%5:17
2Angus CrookshankTanner LaczynskiMax Jones0054043%3:57
Power Play Defense
Line #DefenseDefensePHYDFOFWanted %Time %Time Play
1Daniil MiromanovJake Christiansen0146055%5:07
2Kirill KudryavtsevFrederic Brunet0144045%4:07
Penalty Kill 4 Players Forward
Line #CenterWingPHYDFOFWanted %Time %Time Play
1Rory KerinsTanner Laczynski1405050%1:56
2Luca Del Bel BelluzRory Kerins1405050%1:55
Penalty Kill 4 Players Defense
Line #DefenseDefensePHYDFOFWanted %Time %Time Play
1Jake ChristiansenFrederic Brunet1405065%2:30
2Kirill KudryavtsevSamuel Johannesson1405035%1:21
Penalty Kill 3 Players
Line #WingPHYDFOFWanted %Time %Time PlayDefenseDefensePHYDFOFWanted %Time %Time Play
1Rory Kerins050500%0:00 Jake ChristiansenFrederic Brunet140500%0:00
2Luca Del Bel Belluz050500%0:00 Kirill KudryavtsevSamuel Johannesson140500%0:00
4 vs 4 Forward
Line #CenterWingPHYDFOFWanted %Time %Time Play
1Cole GuttmanDavid Gustafsson032500%0:00
2Mathias Emilio PettersenAdam Beckman032500%0:00
4 vs 4 Defense
Line #DefensePHYDFOFWanted %Time %Time Play
1Samuel JohannessonDaemon Hunt041500%0:00
2Frederic BrunetKirill Kudryavtsev041500%0:00
Last Minutes Offensive
Left WingCenterRight WingDefenseDefense
Rory KerinsLuca Del Bel BelluzNikolai KovalenkoDaniil MiromanovJake Christiansen
Last Minutes Defensive
Left WingCenterRight WingDefenseDefense
Rory KerinsLuca Del Bel BelluzNikolai KovalenkoDaniil MiromanovJake Christiansen
Time
Total ForwardTotal DefenseLast Minutes OffensiveLast Minutes Defensive
60:00 60:00 0:000:00
Extra Forwards
Normal PowerPlayPenalty Kill
Nikolai Kovalenko, Cole Guttman, Angus CrookshankNikolai Kovalenko, Cole GuttmanNikolai Kovalenko
Extra Defensemen
Normal PowerPlayPenalty Kill
Kirill Kudryavtsev, Samuel Johannesson, Daemon HuntKirill Kudryavtsev, Kirill KudryavtsevSamuel Johannesson
Penalty Shots
Daniil Miromanov, Tanner Laczynski, Rory Kerins, Luca Del Bel Belluz, Nikolai Kovalenko
Goalie
Matthew Murray, Clay Stevenson
Scratches
Cole Reinhardt (Healthy), Mason Millman (Healthy), Elliot Desnoyers (Healthy), Matthew Seminoff (Healthy), Cam Lund (Healthy) Charles-Alexis Legault (Healthy), Jakub Skarek (Healthy), Magnus Chrona (Healthy)


Play-by-Play

1st period


0:01 of 1st period - John Farinacci wins face-off versus Rory Kerins in neutral zone.
1:25 of 1st period - Wrist shot by Angus Crookshank.
1:25 of 1st period - Shot Blocked by Hunter Haight.
1:27 of 1st period - Slapshot by Kirill Kudryavtsev.
1:27 of 1st period - Deflect By Angus Crookshank.
1:27 of 1st period - Shot Misses the Net.
1:27 of 1st period - Puck is out of play.
1:28 of 1st period - John Farinacci wins face-off versus Cole Guttman in Victoriaville Tigres zone.
1:55 of 1st period - Ty Gallagher is hit by Rory Kerins and loses puck.
2:14 of 1st period - Wrist shot by Riley Duran.
2:14 of 1st period - Shot Misses the Net.
2:19 of 1st period - Off-side.
2:20 of 1st period - Mathias Emilio Pettersen wins face-off versus Riley Duran in neutral zone.
2:41 of 1st period - Daniil Miromanov is hit by Otto Stenberg and loses puck.
2:58 of 1st period - Slapshot by Riley Duran.
2:58 of 1st period - Shot Blocked by Frederic Brunet.
3:06 of 1st period - Slapshot by Riley Duran.
3:06 of 1st period - Stopped by Matthew Murray with a rebound.
3:14 of 1st period - Conor Timmins is hit by Mathias Emilio Pettersen and loses puck.
3:25 of 1st period - Snap shot by Riley Duran.
3:25 of 1st period - Shot Blocked by Mathias Emilio Pettersen.
3:35 of 1st period - Snap shot by Riley Duran.
3:35 of 1st period - Shot Misses the Net.
3:37 of 1st period - Slapshot by Conor Timmins.
3:37 of 1st period - Deflect By Adam Beckman.
3:37 of 1st period - Stopped by Matthew Murray without a rebound.
3:38 of 1st period - John Farinacci wins face-off versus Cole Guttman in Manchester Monarchs zone.
3:41 of 1st period - Wrist shot by Kole Lind.
3:41 of 1st period - Shot Blocked by Daniil Miromanov.
3:44 of 1st period - Icing by Daniil Miromanov.
3:45 of 1st period - Cole Guttman wins face-off versus John Farinacci in Manchester Monarchs zone.
3:58 of 1st period - Snap shot by Justin Sourdif.
3:58 of 1st period - Stopped by William Rousseau without a rebound.
3:59 of 1st period - Nikita Prishchepov wins face-off versus Luca Del Bel Belluz in Victoriaville Tigres zone.
4:31 of 1st period - Minor Penalty to Isaak Phillips for Roughing.
4:32 of 1st period - John Farinacci wins face-off versus Rory Kerins in Victoriaville Tigres zone.
5:09 of 1st period - Avery Hayes is hit by Angus Crookshank and loses puck.
5:26 of 1st period - John Farinacci is hit by Max Jones and loses puck.
6:17 of 1st period - Antonio Stranges is hit by Luca Del Bel Belluz and loses puck.
6:31 of 1st period - Penalty to Isaak Phillips is over, Isaak Phillips is back on ice.
7:32 of 1st period - Daemon Hunt is hit by Riley Duran and loses puck.
8:00 of 1st period - Tanner Laczynski is hit by William Stromgren.
8:32 of 1st period - Slapshot by Otto Stenberg.
8:32 of 1st period - Shot Misses the Net.
8:56 of 1st period - Icing by Jan Jenik.
8:57 of 1st period - Tanner Laczynski wins face-off versus Jan Jenik in Victoriaville Tigres zone.
8:58 of 1st period - Wrist shot by Max Jones.
8:58 of 1st period - Shot Misses the Net.
9:00 of 1st period - Slapshot by Samuel Johannesson.
9:00 of 1st period - Stopped by William Rousseau without a rebound.
9:01 of 1st period - Tanner Laczynski wins face-off versus John Farinacci in Victoriaville Tigres zone.
9:06 of 1st period - Wrist shot by Tanner Laczynski.
9:06 of 1st period - Shot Misses the Net.
9:28 of 1st period - Slapshot by Cole Guttman.
9:28 of 1st period - Goal by Cole Guttman - Victoriaville Tigres : 0 - Manchester Monarchs : 1.
9:29 of 1st period - Tanner Laczynski wins face-off versus John Farinacci in neutral zone.
10:01 of 1st period - Snap shot by David Gustafsson.
10:01 of 1st period - Shot Misses the Net.
10:03 of 1st period - Slapshot by Cole Guttman.
10:03 of 1st period - Deflect By Justin Sourdif.
10:03 of 1st period - Shot Blocked by Antonio Stranges.
10:03 of 1st period - Puck is out of play.
10:04 of 1st period - Nikita Prishchepov wins face-off versus Luca Del Bel Belluz in Victoriaville Tigres zone.
10:04 of 1st period - Nikita Prishchepov is hit by Frederic Brunet.
10:58 of 1st period - Snap shot by William Stromgren.
10:58 of 1st period - Shot Misses the Net.
11:14 of 1st period - Wrist shot by Alex Jefferies.
11:14 of 1st period - Shot Hit the Post.
11:33 of 1st period - Riley Duran is hit by Nikolai Kovalenko and loses puck.
11:38 of 1st period - Wrist shot by Nikolai Kovalenko.
11:38 of 1st period - Shot Misses the Net.
11:40 of 1st period - Slapshot by Samuel Johannesson.
11:40 of 1st period - Shot Blocked by Conor Timmins.
11:42 of 1st period - Snap shot by Luca Del Bel Belluz.
11:42 of 1st period - Shot Misses the Net.
12:34 of 1st period - Elias Salomonsson is hit by Luca Del Bel Belluz and loses puck.
13:20 of 1st period - Minor Penalty to Nikita Prishchepov for Roughing.
13:21 of 1st period - John Farinacci wins face-off versus Luca Del Bel Belluz in Victoriaville Tigres zone.
14:01 of 1st period - Antonio Stranges is hit by Frederic Brunet.
14:30 of 1st period - Conor Timmins is hit by Max Jones and loses puck.
15:16 of 1st period - Icing by Nikolai Kovalenko.
15:17 of 1st period - Luca Del Bel Belluz wins face-off versus Jan Jenik in Manchester Monarchs zone.
15:20 of 1st period - Penalty to Nikita Prishchepov is over, Nikita Prishchepov is back on ice.
16:23 of 1st period - Tanner Laczynski is hit by William Stromgren and loses puck.
17:08 of 1st period - Snap shot by Antonio Stranges.
17:08 of 1st period - Deflect By Avery Hayes.
17:08 of 1st period - Shot Blocked by Jake Christiansen.
17:08 of 1st period - Puck is out of play.
17:09 of 1st period - Nikita Prishchepov wins face-off versus Cole Guttman in Manchester Monarchs zone.
17:16 of 1st period - Wrist shot by Justin Sourdif.
17:16 of 1st period - Shot Misses the Net.
17:41 of 1st period - Backhand shot by Tanner Laczynski.
17:41 of 1st period - Stopped by William Rousseau with a rebound.
17:43 of 1st period - Wrist shot by Angus Crookshank.
17:43 of 1st period - Stopped by William Rousseau without a rebound.
17:44 of 1st period - Luca Del Bel Belluz wins face-off versus John Farinacci in Victoriaville Tigres zone.
17:47 of 1st period - Wrist shot by Nikolai Kovalenko.
17:47 of 1st period - Stopped by William Rousseau with a rebound.
17:49 of 1st period - Snap shot by Nikolai Kovalenko.
17:49 of 1st period - Shot Misses the Net.
17:51 of 1st period - Snap shot by Luca Del Bel Belluz.
17:51 of 1st period - Shot Blocked by Kole Lind.
17:53 of 1st period - Snap shot by Nikolai Kovalenko.
17:53 of 1st period - Shot Misses the Net.
17:55 of 1st period - Slapshot by Frederic Brunet.
17:55 of 1st period - Stopped by William Rousseau without a rebound.
17:56 of 1st period - John Farinacci wins face-off versus Luca Del Bel Belluz in Victoriaville Tigres zone.
18:04 of 1st period - Off-side.
18:05 of 1st period - Luca Del Bel Belluz wins face-off versus John Farinacci in neutral zone.
18:12 of 1st period - Wrist shot by John Farinacci.
18:12 of 1st period - Stopped by Matthew Murray with a rebound.
18:14 of 1st period - Snap shot by William Stromgren.
18:14 of 1st period - Deflect By Nikolai Kovalenko.
18:14 of 1st period - Shot Blocked by Nikolai Kovalenko.
18:14 of 1st period - Puck is out of play.
18:15 of 1st period - Luca Del Bel Belluz wins face-off versus John Farinacci in Manchester Monarchs zone.
18:24 of 1st period - Snap shot by Nikolai Kovalenko.
18:24 of 1st period - Stopped by William Rousseau without a rebound.
18:25 of 1st period - Luca Del Bel Belluz wins face-off versus John Farinacci in Victoriaville Tigres zone.
18:34 of 1st period - Snap shot by Kole Lind.
18:34 of 1st period - Shot Blocked by Frederic Brunet.
18:36 of 1st period - Slapshot by Kole Lind.
18:36 of 1st period - Stopped by Matthew Murray with a rebound.
18:38 of 1st period - Wrist shot by William Stromgren.
18:38 of 1st period - Shot Misses the Net.
18:40 of 1st period - Wrist shot by John Farinacci.
18:40 of 1st period - Shot Misses the Net.
18:42 of 1st period - Slapshot by Conor Timmins.
18:42 of 1st period - Stopped by Matthew Murray without a rebound.
18:43 of 1st period - Tanner Laczynski wins face-off versus Avery Hayes in Manchester Monarchs zone.
19:32 of 1st period - Carter Mazur is hit by Filip Mesar and loses puck.
19:33 of 1st period - Carter Mazur from Victoriaville Tigres is injured at 19:33 of 1st period (Bruised Left Leg).
19:34 of 1st period - John Farinacci wins face-off versus Tanner Laczynski in Victoriaville Tigres zone.
19:59 of 1st period - Avery Hayes is hit by Nikolai Kovalenko and loses puck.
Goals for this period are 0 for Victoriaville Tigres vs 1 for Manchester Monarchs.
Shots for this period are 5 for Victoriaville Tigres vs 8 for Manchester Monarchs.

2nd period


0:01 of 2nd period - John Farinacci wins face-off versus Luca Del Bel Belluz in neutral zone.
0:04 of 2nd period - Wrist shot by Kole Lind.
0:04 of 2nd period - Shot Misses the Net.
0:49 of 2nd period - Snap shot by Hunter Haight.
0:49 of 2nd period - Stopped by Matthew Murray without a rebound.
0:50 of 2nd period - Jan Jenik wins face-off versus Tanner Laczynski in Manchester Monarchs zone.
0:51 of 2nd period - Snap shot by Antonio Stranges.
0:51 of 2nd period - Stopped by Matthew Murray with a rebound.
0:57 of 2nd period - Snap shot by Jan Jenik.
0:57 of 2nd period - Shot Misses the Net.
1:17 of 2nd period - Snap shot by David Gustafsson.
1:17 of 2nd period - Stopped by William Rousseau without a rebound.
1:18 of 2nd period - Cole Guttman wins face-off versus Jan Jenik in Victoriaville Tigres zone.
2:26 of 2nd period - Wrist shot by Mathias Emilio Pettersen.
2:26 of 2nd period - Stopped by William Rousseau with a rebound.
2:28 of 2nd period - Snap shot by Daemon Hunt.
2:28 of 2nd period - Stopped by William Rousseau without a rebound.
2:29 of 2nd period - Mathias Emilio Pettersen wins face-off versus Nikita Prishchepov in Victoriaville Tigres zone.
2:30 of 2nd period - Wrist shot by Adam Beckman.
2:30 of 2nd period - Stopped by William Rousseau with a rebound.
2:36 of 2nd period - Slapshot by Antonio Stranges.
2:36 of 2nd period - Stopped by Matthew Murray with a rebound.
3:15 of 2nd period - Off-side.
3:16 of 2nd period - Nikita Prishchepov wins face-off versus Justin Sourdif in neutral zone.
3:19 of 2nd period - Kirill Kudryavtsev is hit by Antonio Stranges and loses puck.
3:30 of 2nd period - Slapshot by Avery Hayes.
3:30 of 2nd period - Shot Blocked by Justin Sourdif.
3:32 of 2nd period - Snap shot by Antonio Stranges.
3:32 of 2nd period - Shot Misses the Net.
3:58 of 2nd period - Snap shot by Kole Lind.
3:58 of 2nd period - Shot Blocked by Kirill Kudryavtsev.
4:06 of 2nd period - David Jiricek is hit by Tanner Laczynski and loses puck.
5:05 of 2nd period - Wrist shot by David Gustafsson.
5:05 of 2nd period - Shot Blocked by Kole Lind.
5:23 of 2nd period - Wrist shot by Angus Crookshank.
5:23 of 2nd period - Deflect By Tanner Laczynski.
5:23 of 2nd period - Stopped by William Rousseau without a rebound.
5:24 of 2nd period - Tanner Laczynski wins face-off versus John Farinacci in Victoriaville Tigres zone.
5:31 of 2nd period - Wrist shot by Max Jones.
5:31 of 2nd period - Shot Misses the Net.
5:33 of 2nd period - Wrist shot by Angus Crookshank.
5:33 of 2nd period - Shot Misses the Net.
5:35 of 2nd period - Backhand shot by Angus Crookshank.
5:35 of 2nd period - Shot Misses the Net.
5:43 of 2nd period - Angus Crookshank is hit by Elias Salomonsson and loses puck.
5:50 of 2nd period - Kole Lind is hit by Max Jones and loses puck.
5:55 of 2nd period - Snap shot by Tanner Laczynski.
5:55 of 2nd period - Stopped by William Rousseau without a rebound.
5:56 of 2nd period - Nikita Prishchepov wins face-off versus Luca Del Bel Belluz in Victoriaville Tigres zone.
6:23 of 2nd period - David Gustafsson is hit by Jan Jenik and loses puck.
7:04 of 2nd period - Snap shot by Kole Lind.
7:04 of 2nd period - Stopped by Matthew Murray with a rebound.
7:11 of 2nd period - Icing by Jake Christiansen.
7:12 of 2nd period - Tanner Laczynski wins face-off versus Jan Jenik in Manchester Monarchs zone.
7:22 of 2nd period - Wrist shot by Nikita Prishchepov.
7:22 of 2nd period - Shot Misses the Net.
8:02 of 2nd period - Snap shot by Alex Jefferies.
8:02 of 2nd period - Shot Misses the Net.
8:11 of 2nd period - Icing by Daniil Miromanov.
8:12 of 2nd period - Cole Guttman wins face-off versus Nikita Prishchepov in Manchester Monarchs zone.
8:39 of 2nd period - Wrist shot by John Farinacci.
8:39 of 2nd period - Stopped by Matthew Murray with a rebound.
8:41 of 2nd period - Slapshot by David Jiricek.
8:41 of 2nd period - Shot Misses the Net.
8:43 of 2nd period - Slapshot by John Farinacci.
8:43 of 2nd period - Stopped by Matthew Murray with a rebound.
8:45 of 2nd period - Slapshot by John Farinacci.
8:45 of 2nd period - Stopped by Matthew Murray without a rebound.
8:46 of 2nd period - Luca Del Bel Belluz wins face-off versus John Farinacci in Manchester Monarchs zone.
9:15 of 2nd period - Wrist shot by Jan Jenik.
9:15 of 2nd period - Stopped by Matthew Murray without a rebound.
9:16 of 2nd period - Jan Jenik wins face-off versus Tanner Laczynski in Manchester Monarchs zone.
9:45 of 2nd period - Snap shot by David Gustafsson.
9:45 of 2nd period - Stopped by William Rousseau without a rebound.
9:46 of 2nd period - John Farinacci wins face-off versus Cole Guttman in Victoriaville Tigres zone.
9:50 of 2nd period - Minor Penalty to Kole Lind for Tripping.
9:51 of 2nd period - Luca Del Bel Belluz wins face-off versus John Farinacci in Victoriaville Tigres zone.
9:57 of 2nd period - Wrist shot by Luca Del Bel Belluz.
9:57 of 2nd period - Stopped by William Rousseau with a rebound.
11:15 of 2nd period - Frederic Brunet is hit by Jan Jenik and loses puck.
11:46 of 2nd period - Elias Salomonsson is hit by Cole Guttman and loses puck.
11:50 of 2nd period - Penalty to Kole Lind is over, Kole Lind is back on ice.
13:48 of 2nd period - Icing by Kole Lind.
13:49 of 2nd period - John Farinacci wins face-off versus Luca Del Bel Belluz in Victoriaville Tigres zone.
13:59 of 2nd period - Snap shot by Nikolai Kovalenko.
13:59 of 2nd period - Shot Misses the Net.
14:01 of 2nd period - Slapshot by Jake Christiansen.
14:01 of 2nd period - Stopped by William Rousseau without a rebound.
14:02 of 2nd period - Avery Hayes wins face-off versus Tanner Laczynski in Victoriaville Tigres zone.
14:29 of 2nd period - Luca Del Bel Belluz is hit by Conor Timmins and loses puck.
14:36 of 2nd period - Snap shot by Kole Lind.
14:36 of 2nd period - Stopped by Matthew Murray with a rebound.
15:02 of 2nd period - Mathias Emilio Pettersen is hit by Riley Duran and loses puck.
15:07 of 2nd period - Wrist shot by Riley Duran.
15:07 of 2nd period - Deflect By Alex Jefferies.
15:07 of 2nd period - Stopped by Matthew Murray without a rebound.
15:08 of 2nd period - John Farinacci wins face-off versus Luca Del Bel Belluz in Manchester Monarchs zone.
15:13 of 2nd period - Snap shot by Kole Lind.
15:13 of 2nd period - Shot Blocked by Daemon Hunt.
15:15 of 2nd period - Slapshot by Conor Timmins.
15:15 of 2nd period - Shot Blocked by Nikolai Kovalenko.
15:17 of 2nd period - Slapshot by Conor Timmins.
15:17 of 2nd period - Shot Misses the Net.
15:19 of 2nd period - Snap shot by John Farinacci.
15:19 of 2nd period - Shot Misses the Net.
15:21 of 2nd period - Slapshot by Conor Timmins.
15:21 of 2nd period - Deflect By William Stromgren.
15:21 of 2nd period - Shot Misses the Net.
15:21 of 2nd period - Puck is out of play.
15:22 of 2nd period - Nikita Prishchepov wins face-off versus Tanner Laczynski in Manchester Monarchs zone.
15:49 of 2nd period - John Farinacci is hit by Kirill Kudryavtsev.
16:32 of 2nd period - Cole Guttman is hit by Alex Jefferies and loses puck.
16:45 of 2nd period - John Farinacci is hit by Kirill Kudryavtsev and loses puck.
17:03 of 2nd period - Snap shot by Nikolai Kovalenko.
17:03 of 2nd period - Deflect By Luca Del Bel Belluz.
17:03 of 2nd period - Shot Misses the Net.
17:03 of 2nd period - Puck is out of play.
17:04 of 2nd period - Tanner Laczynski wins face-off versus Nikita Prishchepov in Victoriaville Tigres zone.
17:11 of 2nd period - Snap shot by Max Jones.
17:11 of 2nd period - Stopped by William Rousseau with a rebound.
17:13 of 2nd period - Wrist shot by Max Jones.
17:13 of 2nd period - Stopped by William Rousseau with a rebound.
17:15 of 2nd period - Slapshot by Max Jones.
17:15 of 2nd period - Shot Blocked by David Jiricek.
17:17 of 2nd period - Snap shot by Angus Crookshank.
17:17 of 2nd period - Stopped by William Rousseau without a rebound.
17:18 of 2nd period - John Farinacci wins face-off versus Luca Del Bel Belluz in Victoriaville Tigres zone.
17:18 of 2nd period - John Farinacci is hit by Nikolai Kovalenko.
17:24 of 2nd period - Luca Del Bel Belluz is hit by John Farinacci and loses puck.
17:41 of 2nd period - Minor Penalty to Nikolai Kovalenko for Tripping.
17:42 of 2nd period - John Farinacci wins face-off versus Rory Kerins in Manchester Monarchs zone.
19:41 of 2nd period - Penalty to Nikolai Kovalenko is over, Nikolai Kovalenko is back on ice.
19:50 of 2nd period - Snap shot by Mathias Emilio Pettersen.
19:50 of 2nd period - Stopped by William Rousseau with a rebound.
19:52 of 2nd period - Snap shot by Adam Beckman.
19:52 of 2nd period - Shot Misses the Net.
19:54 of 2nd period - Slapshot by Mathias Emilio Pettersen.
19:54 of 2nd period - Shot Misses the Net.
19:56 of 2nd period - Slapshot by Jake Christiansen.
19:56 of 2nd period - Stopped by William Rousseau with a rebound.
Goals for this period are 0 for Victoriaville Tigres vs 0 for Manchester Monarchs.
Shots for this period are 10 for Victoriaville Tigres vs 14 for Manchester Monarchs.

3rd period


0:01 of 3rd period - Nikita Prishchepov wins face-off versus Tanner Laczynski in neutral zone.
0:04 of 3rd period - Snap shot by David Jiricek.
0:04 of 3rd period - Stopped by Matthew Murray with a rebound.
0:26 of 3rd period - Antonio Stranges is hit by David Gustafsson and loses puck.
0:39 of 3rd period - Wrist shot by Cole Guttman.
0:39 of 3rd period - Stopped by William Rousseau with a rebound.
0:51 of 3rd period - Snap shot by Luca Del Bel Belluz.
0:51 of 3rd period - Stopped by William Rousseau with a rebound.
0:53 of 3rd period - Slapshot by Daemon Hunt.
0:53 of 3rd period - Shot Blocked by Conor Timmins.
1:17 of 3rd period - Snap shot by Adam Beckman.
1:17 of 3rd period - Stopped by William Rousseau with a rebound.
1:36 of 3rd period - Hunter Haight is hit by David Gustafsson and loses puck.
1:51 of 3rd period - Snap shot by Alex Jefferies.
1:51 of 3rd period - Deflect By Otto Stenberg.
1:51 of 3rd period - Shot Misses the Net.
1:51 of 3rd period - Puck is out of play.
1:52 of 3rd period - Luca Del Bel Belluz wins face-off versus Riley Duran in Manchester Monarchs zone.
2:22 of 3rd period - Max Jones is hit by Jan Jenik.
2:34 of 3rd period - Backhand shot by William Stromgren.
2:34 of 3rd period - Shot Misses the Net.
3:41 of 3rd period - Slapshot by Cole Guttman.
3:41 of 3rd period - Goal by Cole Guttman - Victoriaville Tigres : 0 - Manchester Monarchs : 2.
3:42 of 3rd period - Tanner Laczynski wins face-off versus John Farinacci in neutral zone.
4:07 of 3rd period - Rory Kerins is hit by Nikita Prishchepov and loses puck.
4:28 of 3rd period - Snap shot by Adam Beckman.
4:28 of 3rd period - Goal by Adam Beckman - Victoriaville Tigres : 0 - Manchester Monarchs : 3.
4:29 of 3rd period - John Farinacci wins face-off versus Tanner Laczynski in neutral zone.
4:31 of 3rd period - Kirill Kudryavtsev beats up Elias Salomonsson.
4:31 of 3rd period - Penalty to Kirill Kudryavtsev for Fighting.
4:31 of 3rd period - Penalty to Elias Salomonsson for Fighting.
4:31 of 3rd period - Penalty to Elias Salomonsson for instigated a fight.
4:31 of 3rd period - Penalty to Elias Salomonsson for instigated a fight.
4:32 of 3rd period - John Farinacci wins face-off versus Luca Del Bel Belluz in neutral zone.
4:42 of 3rd period - Slapshot by Conor Timmins.
4:42 of 3rd period - Shot Blocked by Nikolai Kovalenko.
4:44 of 3rd period - Wrist shot by John Farinacci.
4:44 of 3rd period - Goal by John Farinacci - Victoriaville Tigres : 1 - Manchester Monarchs : 3.
4:45 of 3rd period - John Farinacci wins face-off versus Luca Del Bel Belluz in neutral zone.
4:50 of 3rd period - Snap shot by William Stromgren.
4:50 of 3rd period - Deflect By John Farinacci.
4:50 of 3rd period - Stopped by Matthew Murray with a rebound.
4:54 of 3rd period - Snap shot by William Stromgren.
4:54 of 3rd period - Goal by William Stromgren - Victoriaville Tigres : 2 - Manchester Monarchs : 3.
4:55 of 3rd period - John Farinacci wins face-off versus Rory Kerins in neutral zone.
5:35 of 3rd period - Avery Hayes is hit by Max Jones and loses puck.
6:31 of 3rd period - Penalty to Elias Salomonsson is over, Jan Jenik is send on ice.
6:39 of 3rd period - Off-side.
6:40 of 3rd period - Jan Jenik wins face-off versus Cole Guttman in neutral zone.
6:43 of 3rd period - Wrist shot by Jan Jenik.
6:43 of 3rd period - Stopped by Matthew Murray without a rebound.
6:44 of 3rd period - Jan Jenik wins face-off versus Cole Guttman in Manchester Monarchs zone.
7:01 of 3rd period - Snap shot by Cole Guttman.
7:01 of 3rd period - Shot Misses the Net.
7:03 of 3rd period - Snap shot by David Gustafsson.
7:03 of 3rd period - Shot Misses the Net.
7:11 of 3rd period - Snap shot by David Gustafsson.
7:11 of 3rd period - Shot Blocked by Jan Jenik.
7:43 of 3rd period - Cole Guttman is hit by Isaak Phillips and loses puck.
7:54 of 3rd period - Michael Benning is hit by David Gustafsson and loses puck.
7:58 of 3rd period - Icing by Michael Benning.
7:59 of 3rd period - Max Jones wins face-off versus Jan Jenik in Victoriaville Tigres zone.
8:49 of 3rd period - Wrist shot by Adam Beckman.
8:49 of 3rd period - Shot Misses the Net.
8:51 of 3rd period - Snap shot by Adam Beckman.
8:51 of 3rd period - Stopped by William Rousseau with a rebound.
8:53 of 3rd period - Slapshot by Adam Beckman.
8:53 of 3rd period - Stopped by William Rousseau with a rebound.
9:20 of 3rd period - Wrist shot by Alex Jefferies.
9:20 of 3rd period - Shot Misses the Net.
9:22 of 3rd period - Backhand shot by Riley Duran.
9:22 of 3rd period - Deflect By Alex Jefferies.
9:22 of 3rd period - Stopped by Matthew Murray without a rebound.
9:23 of 3rd period - Luca Del Bel Belluz wins face-off versus John Farinacci in Manchester Monarchs zone.
9:30 of 3rd period - Snap shot by Kole Lind.
9:30 of 3rd period - Deflect By Rory Kerins.
9:30 of 3rd period - Shot Misses the Net.
9:30 of 3rd period - Puck is out of play.
9:31 of 3rd period - Tanner Laczynski wins face-off versus John Farinacci in Manchester Monarchs zone.
10:03 of 3rd period - Minor Penalty to Isaak Phillips for Tripping.
10:04 of 3rd period - Rory Kerins wins face-off versus John Farinacci in Victoriaville Tigres zone.
10:45 of 3rd period - Wrist shot by Luca Del Bel Belluz.
10:45 of 3rd period - Stopped by William Rousseau without a rebound.
10:46 of 3rd period - Luca Del Bel Belluz wins face-off versus Antonio Stranges in Victoriaville Tigres zone.
10:49 of 3rd period - Snap shot by Nikolai Kovalenko.
10:49 of 3rd period - Shot Misses the Net.
10:51 of 3rd period - Snap shot by Jake Christiansen.
10:51 of 3rd period - Stopped by William Rousseau with a rebound.
10:53 of 3rd period - Slapshot by Daniil Miromanov.
10:53 of 3rd period - Stopped by William Rousseau with a rebound.
10:55 of 3rd period - Snap shot by Nikolai Kovalenko.
10:55 of 3rd period - Shot Misses the Net.
11:09 of 3rd period - Slapshot by Avery Hayes.
11:09 of 3rd period - Stopped by Matthew Murray with a rebound.
11:19 of 3rd period - Snap shot by Tanner Laczynski.
11:19 of 3rd period - Stopped by William Rousseau with a rebound.
11:21 of 3rd period - Wrist shot by Tanner Laczynski.
11:21 of 3rd period - Goal by Tanner Laczynski - Victoriaville Tigres : 2 - Manchester Monarchs : 4.
11:22 of 3rd period - Tanner Laczynski wins face-off versus John Farinacci in neutral zone.
11:40 of 3rd period - Icing by William Stromgren.
11:41 of 3rd period - Luca Del Bel Belluz wins face-off versus John Farinacci in Victoriaville Tigres zone.
11:44 of 3rd period - Wrist shot by Luca Del Bel Belluz.
11:44 of 3rd period - Shot Misses the Net.
11:46 of 3rd period - Snap shot by Jake Christiansen.
11:46 of 3rd period - Stopped by William Rousseau without a rebound.
11:47 of 3rd period - Luca Del Bel Belluz wins face-off versus Antonio Stranges in Victoriaville Tigres zone.
12:40 of 3rd period - Slapshot by David Jiricek.
12:40 of 3rd period - Deflect By Hunter Haight.
12:40 of 3rd period - Shot Misses the Net.
12:40 of 3rd period - Puck is out of play.
12:41 of 3rd period - Angus Crookshank wins face-off versus Jan Jenik in Manchester Monarchs zone.
12:52 of 3rd period - Wrist shot by Antonio Stranges.
12:52 of 3rd period - Shot Blocked by Tanner Laczynski.
12:54 of 3rd period - Slapshot by Ty Gallagher.
12:54 of 3rd period - Stopped by Matthew Murray without a rebound.
12:55 of 3rd period - Luca Del Bel Belluz wins face-off versus John Farinacci in Manchester Monarchs zone.
13:00 of 3rd period - Snap shot by Nikolai Kovalenko.
13:00 of 3rd period - Shot Misses the Net.
13:02 of 3rd period - Slapshot by Kirill Kudryavtsev.
13:02 of 3rd period - Shot Misses the Net.
13:04 of 3rd period - Wrist shot by Luca Del Bel Belluz.
13:04 of 3rd period - Shot Misses the Net.
13:06 of 3rd period - Wrist shot by Luca Del Bel Belluz.
13:06 of 3rd period - Stopped by William Rousseau with a rebound.
13:08 of 3rd period - Wrist shot by Luca Del Bel Belluz.
13:08 of 3rd period - Shot Misses the Net.
13:20 of 3rd period - Angus Crookshank is hit by Avery Hayes and loses puck.
13:29 of 3rd period - Slapshot by Antonio Stranges.
13:29 of 3rd period - Shot Misses the Net.
13:40 of 3rd period - Icing by Nikita Prishchepov.
13:41 of 3rd period - Jan Jenik wins face-off versus Cole Guttman in Victoriaville Tigres zone.
13:55 of 3rd period - Jan Jenik is hit by David Gustafsson and loses puck.
14:18 of 3rd period - Snap shot by Angus Crookshank.
14:18 of 3rd period - Stopped by William Rousseau without a rebound.
14:19 of 3rd period - John Farinacci wins face-off versus Luca Del Bel Belluz in Victoriaville Tigres zone.
14:44 of 3rd period - Frederic Brunet is hit by Alex Jefferies and loses puck.
15:14 of 3rd period - Snap shot by Riley Duran.
15:14 of 3rd period - Shot Hit the Post.
15:16 of 3rd period - Slapshot by Isaak Phillips.
15:16 of 3rd period - Stopped by Matthew Murray with a rebound.
15:18 of 3rd period - Wrist shot by Otto Stenberg.
15:18 of 3rd period - Shot Blocked by Mathias Emilio Pettersen.
15:20 of 3rd period - Snap shot by Otto Stenberg.
15:20 of 3rd period - Shot Misses the Net.
15:22 of 3rd period - Slapshot by Ty Gallagher.
15:22 of 3rd period - Deflect By Alex Jefferies.
15:22 of 3rd period - Victoriaville Tigres goal is going for a video replay.
15:22 of 3rd period - The goal is good.
15:22 of 3rd period - Goal by Alex Jefferies - Victoriaville Tigres : 3 - Manchester Monarchs : 4.
15:23 of 3rd period - Cole Guttman wins face-off versus Jan Jenik in neutral zone.
15:30 of 3rd period - Snap shot by Cole Guttman.
15:30 of 3rd period - Shot Blocked by Conor Timmins.
15:32 of 3rd period - Snap shot by David Gustafsson.
15:32 of 3rd period - Shot Misses the Net.
15:34 of 3rd period - Slapshot by Jake Christiansen.
15:34 of 3rd period - Shot Blocked by Antonio Stranges.
16:37 of 3rd period - Wrist shot by Filip Mesar.
16:37 of 3rd period - Shot Misses the Net.
16:41 of 3rd period - Snap shot by Filip Mesar.
16:41 of 3rd period - Shot Blocked by Isaak Phillips.
16:43 of 3rd period - Slapshot by Daniil Miromanov.
16:43 of 3rd period - Deflect By Adam Beckman.
16:43 of 3rd period - Deflect By Alex Jefferies.
16:43 of 3rd period - Stopped by William Rousseau without a rebound.
16:44 of 3rd period - Cole Guttman wins face-off versus Jan Jenik in Victoriaville Tigres zone.
16:49 of 3rd period - Wrist shot by Justin Sourdif.
16:49 of 3rd period - Shot Misses the Net.
16:51 of 3rd period - Slapshot by David Gustafsson.
16:51 of 3rd period - Stopped by William Rousseau with a rebound.
16:53 of 3rd period - Slapshot by Jake Christiansen.
16:53 of 3rd period - Shot Blocked by Conor Timmins.
16:55 of 3rd period - Slapshot by Jake Christiansen.
16:55 of 3rd period - Stopped by William Rousseau without a rebound.
16:56 of 3rd period - Hunter Haight wins face-off versus Cole Guttman in Victoriaville Tigres zone.
17:09 of 3rd period - Snap shot by Jan Jenik.
17:09 of 3rd period - Stopped by Matthew Murray with a rebound.
17:11 of 3rd period - Slapshot by Isaak Phillips.
17:11 of 3rd period - Deflect By Jan Jenik.
17:11 of 3rd period - Shot Misses the Net.
17:11 of 3rd period - Puck is out of play.
17:12 of 3rd period - Luca Del Bel Belluz wins face-off versus John Farinacci in Manchester Monarchs zone.
17:23 of 3rd period - David Jiricek is hit by Rory Kerins and loses puck.
17:56 of 3rd period - Off-side.
17:57 of 3rd period - Antonio Stranges wins face-off versus Tanner Laczynski in neutral zone.
18:00 of 3rd period - Slapshot by David Jiricek.
18:00 of 3rd period - Stopped by Matthew Murray without a rebound.
18:01 of 3rd period - Jan Jenik wins face-off versus Cole Guttman in Manchester Monarchs zone.
18:07 of 3rd period - Minor Penalty to Frederic Brunet for Elbowing.
18:08 of 3rd period - Luca Del Bel Belluz wins face-off versus William Stromgren in Manchester Monarchs zone.
18:40 of 3rd period - Slapshot by Antonio Stranges.
18:40 of 3rd period - Shot Misses the Net.
19:26 of 3rd period - William Stromgren is hit by Jake Christiansen and loses puck.
19:31 of 3rd period - 10 Minutes Misconduct Penalty to Elias Salomonsson is over.
Goals for this period are 3 for Victoriaville Tigres vs 3 for Manchester Monarchs.
Shots for this period are 12 for Victoriaville Tigres vs 18 for Manchester Monarchs.